 Dungeon Crawl Stone Soup version 0.31.0-1-g2c135a0 (webtiles) character file.

Game seed: 17954135099897111391

27 reshaube the Sneak (level 2, 25/25 HPs)
             Began as a Minotaur Brigand on Feb 18, 2024.
             Quit the game on level 1 of the Dungeon.
             The game lasted 00:03:54 (812 turns).

reshaube the Sneak (Minotaur Brigand)                Turns: 812, Time: 00:03:55

Health: 25/25      AC:  3    Str: 15    XL:     2   Next: 93%
Magic:  1/1        EV: 12    Int:  8    God:
Gold:   69         SH:  0    Dex: 11    Spells: 1/1 levels left

rFire   . . .        a - +2 dagger
rCold   . . .        (no shield)
rNeg    + . .        b - +0 robe
rPois   .            (helmet restricted)
rElec   .            c - +0 cloak
rCorr   .            (no gloves)
SInv    .            (no boots)
Will    .....        (no amulet)
Stlth   ++           g - ring of positive energy
HPRegen 0.24/turn    (no ring)
MPRegen 0.07/turn

%: no passive effects
@: no status effects
A: horns 2, retaliatory headbutt
a: no special abilities


You were on level 1 of the Dungeon.
You visited 1 branch of the dungeon, and saw 1 of its levels.

You collected 69 gold pieces.

Inventory:

Hand Weapons
 a - a +2 dagger (weapon)
Missiles
 d - 9 poisoned darts (quivered)
 e - 3 curare-tipped darts
Armour
 b - a +0 robe (worn)
 c - a +0 cloak (worn)
Jewellery
 g - a ring of positive energy (left hand)
Scrolls
 j - a scroll of fear {unknown}
 k - a scroll of poison {unknown}
 m - a scroll of teleportation {unknown}
Potions
 f - 5 potions of curing {unknown}
 h - 2 potions of heal wounds {unknown}
 i - 2 potions of brilliance {unknown}
 l - a potion of ambrosia {unknown}
 n - a potion of haste {unknown}


   Skills:
 + Level 2.9 Fighting
 + Level 2.5 Short Blades
 + Level 2.3 Throwing
 + Level 1.6 Dodging
 + Level 3.4 Stealth


You had one spell level left.
You didn't know any spells.
Your spell library was empty.

Dungeon Overview and Level Annotations

Branches:
Dungeon (1/15)

Altars:

Shops:
D:1 !(?:


Innate Abilities, Weirdness & Mutations

You have a pair of horns on your head.
You reflexively headbutt those who attack you in melee.


Message History

You open the door.
There is an open door here.
There is an entrance to Bezuss's Weapon Shoppe here.
There is a stone staircase leading down here.
You open the door.
There is an open door here.
Things that are here:
a +0 club; 5 stones; a kobold corpse
Things that are here:
a +0 club; 5 stones; a kobold corpse You see here a giant cockroach corpse.
There is a stone staircase leading down here.
There is an open door here.
An endoplasm comes into view.
Found 3 gold pieces.
The endoplasm quivers.
An endoplasm is nearby!
Found 12 gold pieces.
You hit the endoplasm. You headbutt the endoplasm.
The endoplasm is severely wounded.
The endoplasm freezes you.
You are frozen.
You hit the endoplasm but do no damage.
The endoplasm is severely wounded.
The endoplasm barely misses you.
You hit the endoplasm.
You kill the endoplasm!
No target in view!
You now have 66 gold pieces (gained 12).
You now have 69 gold pieces (gained 3).
A bat comes into view.
The bat closely misses you. You furiously retaliate!
You headbutt the bat!
You kill the bat!
No target in view!
Found a mace.
You see here a bat corpse.
You see here a +0 mace.
You see here 6 stones.
Done exploring.
Are you sure you want to abandon this character and quit the game? (Confirm with "yes".)

# #.#####.#
####...# #)#
..####.###.#
..[....#...#
..######.###
....####.#
.........#
.#.################
.#..............@.#
.#..##..#########.#
.#..............#.#
....###..######.#.#
.......>......#.#.#
≈≈≈≈≈≈..#######.#.#
.....≈.(......#.#.#
.....≈...####.#.#.#
.≈≈..≈......#.#.#.#


There were no monsters in sight!

Vanquished Creatures
  A dart slug (D:1)
  2 bats (D:1)
  An endoplasm (D:1)
  A giant cockroach (D:1)
  2 goblins (D:1)
  3 hobgoblins (D:1)
  4 jackals (D:1)
  2 frilled lizards (D:1)
  3 kobolds (D:1)
  3 rats (D:1)
22 creatures vanquished.

Notes
Turn   | Place    | Note
-------+----------+-------------------------------------------
     0 | D:1      | reshaube the Minotaur Brigand began the quest for the Orb.
     0 | D:1      | Reached XP level 1. HP: 18/18 MP: 0/0
   168 | D:1      | Reached XP level 2. HP: 25/25 MP: 1/1
   190 | D:1      | Found Ufigh's Book Boutique.
   228 | D:1      | Found Taneneon's Magic Scroll Shoppe.
   369 | D:1      | Found Bezuss's Weapon Shoppe.
   434 | D:1      | Found Sauhic's Distillery.
   812 | D:1      | Quit the game

Illustrated notes

Levels and vault maps discovered:
D:1:      ebering_hopf_link, layout_basic, serial_shops,
          nicolae_shop_tiny_real_fake_doors, shop, nicolae_shop_hallway_stairs,
          nicolae_shop_statue_plus

Action                     || total
---------------------------++-------
  Melee: Dagger            ||    33
         Headbutt          ||     4
  Throw: Dart              ||     7
   Stab: Sleeping          ||     1
 Armour: Robe              ||    19
  Dodge: Dodged            ||    23
